 Seeded DCSS version 0.30.1-4-g462c640d31 (webtiles) character file.

Game seed: 5 (custom seed)

131 Kazon the Sneak (level 5, -6/33 (35) HPs)
             Began as an Octopode Brigand on Aug 31, 2023.
             Was an Initiate of Dithmenos.
             Mangled by a black bear (7 damage)
             ... on level 4 of the Dungeon.
             The game lasted 00:10:53 (2070 turns).

Kazon the Sneak (Octopode Brigand)                  Turns: 2070, Time: 00:10:55

HP:   -6/33 (35)    AC:  1    Str: 13    XL:     5   Next: 14%
MP:   14/14         EV: 13    Int: 13    God:    Dithmenos [......]
Gold: 163           SH:  0    Dex: 13    Spells: 4/4 levels left

rFire   . . .        e - +2 dagger (vamp)
rCold   . . .        (no shield)
rNeg    . . .        (helmet restricted)
rPois   .            (no amulet)
rElec   .            p - ring of magical power
rCorr   .            (no ring)
SInv    .            (no ring)
Will    .....        (no ring)
Stlth   ++++         (no ring)
HPRegen 0.25/turn    (no ring)
MPRegen 0.14/turn    (no ring)
                     (no ring)

%: no passive effects
@: drained
A: almost no armour, amphibious, 8 rings, camouflage 1, gelatinous body 1,
(nimble swimmer 1), tentacles
a: Renounce Religion


You were on level 4 of the Dungeon.
You worshipped Dithmenos.
Dithmenos was noncommittal.
You visited 1 branch of the dungeon, and saw 4 of its levels.

You collected 163 gold pieces.

Inventory:

Hand Weapons
 a - a +2 dagger
 e - a +2 vampiric dagger (weapon)
 q - the +5 morningstar of Joyful Slaughter {antimagic, Will+}
   (You acquired it on level 1 of the Dungeon)

   Will:      It increases your willpower.
Missiles
 b - 13 poisoned darts
 g - 3 curare-tipped darts
 i - 9 stones (quivered)
 o - 3 boomerangs
Armour
 c - a +0 tower shield
Jewellery
 p - a ring of magical power (left tentacle)
Scrolls
 d - a scroll of fog {unknown}
 j - a scroll of blinking {unknown}
 k - a scroll of teleportation {unknown}
 l - a scroll of summoning {unknown}
 m - a scroll of magic mapping {unknown}
 n - a scroll of identify {unknown}
Potions
 f - 2 potions of curing
 h - a potion of resistance {unknown}
 r - a potion of flight {unknown}
 s - a potion of berserk rage {unknown}
 t - a potion of invisibility {unknown}


   Skills:
 * Level 2.4 Fighting
 + Level 2.2 Short Blades
 + Level 1.7 Maces & Flails
 * Level 2.5 Throwing
 * Level 2.0 Dodging
 + Level 6.1 Stealth
 * Level 1.4 Shields
 * Level 0.3 Invocations


You had 4 spell levels left.
You didn't know any spells.
Your spell library contained the following spells:

 Spells                   Type           Power      Damage    Failure   Level
 Frozen Ramparts          Ice            0%         1d1       67%         3
 Ice Form                 Ice/Tmut       0%         N/A       97%         4
 Summon Ice Beast         Ice/Summ       0%         N/A       97%         4


Dungeon Overview and Level Annotations

Branches:
Dungeon (4/15)             Temple (0/1) D:4

Altars:
Dithmenos
Fedhas
Hepliaklqana
Qazlal


Innate Abilities, Weirdness & Mutations

You cannot wear most types of armour.
You are amphibious.
You can wear up to eight rings at the same time.
Your skin changes colour to match your surroundings (Stealth+).
Your rubbery body absorbs attacks. (AC +1, EV +1)
((You are camouflaged when in or above water. (Stealth+)))
You have tentacles for arms and can constrict up to eight enemies at once.


Message History

You hit the orc but do no damage. You squeeze the orc!
You kill the orc!
Dithmenos accepts your kill.
You hit the orc. You grab the orc.
The orc is almost dead.
You constrict the orc.
You kill the orc!
Dithmenos accepts your kill.
You hit the black bear but do no damage.
You grab the black bear.
You constrict the black bear, but do no damage.
The black bear closely misses you. x2; The black bear claws you.
You hit the black bear.
You feel better.
The black bear is lightly wounded.
You constrict the black bear. The black bear bites you.
The black bear claws you. The black bear misses you.
You hit the black bear but do no damage.
You squeeze the black bear.
The black bear is lightly wounded.
You constrict the black bear, but do no damage.
The black bear barely misses you. The black bear claws you. x2
You hit the black bear.
The black bear is moderately wounded.
You constrict the black bear. You hit the black bear.
You feel better.
You squeeze the black bear, but do no damage.
The black bear is heavily wounded.
You constrict the black bear. The black bear bites you!
The black bear misses you. The black bear closely misses you.
You hit the black bear.
You feel better.
The black bear is severely wounded.
You constrict the black bear.
The black bear goes berserk!
You hit the black bear but do no damage.
The black bear is severely wounded.
You constrict the black bear. The black bear bites you!
* * * LOW HITPOINT WARNING * * *
The black bear claws you.
* * * LOW HITPOINT WARNING * * *
The black bear claws you!
You die...

.........##.####.#?
###..##...##........
#.................
#..##.#...)##.#.#.
#.................
#.###.#.##.##.#.# #.#
#.#.##.# # #.# #.#.##.#
..###+####@#####.##.##.##g#
.........h##§§##.##.##.##..
..........#§§W§####........
..........####### #.##.#.#.
#.........#.._..###........
#####+##.........##.##.#...
#.........##.##.....
#./#.._...##.##.#...
###########.........


You could see a black bear (berserk).

Vanquished Creatures
  4 adders
  3 worms
  6 orcs
  4 bats
  9 endoplasms
  A giant cockroach (D:1)
  11 goblins
  6 hobgoblins
  11 jackals
  3 kobolds
  5 ball pythons
  3 frilled lizards
  4 rats
70 creatures vanquished.

Notes
Turn   | Place    | Note
-------+----------+-------------------------------------------
     0 | D:1      | Kazon the Octopode Brigand began the quest for the Orb.
     0 | D:1      | Reached XP level 1. HP: 14/14 MP: 1/1
    41 | D:1      | Identified a scroll of acquirement
    41 | D:1      | Acquired the +5 morningstar of Joyful Slaughter {antimagic,
                  | Will+}
   113 | D:1      | Reached XP level 2. HP: 19/19 MP: 0/2
   526 | D:1      | Reached skill level 6 in Stealth
   526 | D:1      | Reached XP level 3. HP: 20/24 MP: 1/3
   950 | D:2      | Reached XP level 4. HP: 25/29 MP: 1/4
  1077 | D:2      | Reached skill level 1 in Maces & Flails
  1138 | D:2      | Reached skill level 1 in Shields
  1576 | D:3      | Found a blossoming altar of Fedhas.
  1595 | D:3      | Reached XP level 5. HP: 35/35 MP: 5/5
  1699 | D:3      | Found a stormy altar of Qazlal.
  1862 | D:3      | Identified the +2 sling "Qeuhanocyt" {speed, rElec Str-3
                  | Dex+2}
  1881 | D:3      | Found a faded altar of an unknown god.
  1991 | D:4      | Found a staircase to the Ecumenical Temple.
  2042 | D:4      | Found a hazy altar of Hepliaklqana.
  2043 | D:4      | Found a shadowy altar of Dithmenos.
  2043 | D:4      | Noticed a shadow
  2047 | D:4      | Became a worshipper of Dithmenos the Shadowed
  2052 | D:4      | Noticed a black bear
  2070 | D:4      | HP: 1/33 [black bear (4)]
  2070 | D:4      | Mangled by a black bear

Illustrated notes

Levels and vault maps discovered:
D:1:      ebering_trefoil_3fold, layout_basic, st_stairs_14, serial_bayou_ford_a
D:2:      layout_basic, hangedman_decor_growths, minmay_close_crescents
D:3:      layout_rooms, mainiacjoe_overflow_concentric_impassable,
          mainiacjoe_overflow_paths, shapermc_ecumenical_altar_acropolis,
          chequers_serial_rivers_micro_b
D:4:      layout_basic, riverfiend_overflow_shadow_ancestor,
          minmay_temple_entry_glass, uniq_sigmund

Skill      XL: |  1  2  3  4 |
---------------+-------------+-----
Stealth        | 6 |  6.1
Maces & Flails | 1 |  1.7
Shields        | 1 |  1.4
Dodging        | 2 |  2.0
Fighting       | |  2.4
Short Blades   | |  2.2
Throwing       | |  2.5
Invocations    | |  0.3

Action                     |  1- 3 |  4- 6 || total
---------------------------+-------+-------++-------
  Melee: Dagger            |     8 |    20 ||    28
         Constrict         |    10 |     8 ||    18
         Tentacles         |     9 |     7 ||    16
         Morningstar       |    61 |    38 ||    99
  Throw: Dart              |    14 |     4 ||    18
         Boomerang         |     3 |       ||     3
         Stone             |     2 |     5 ||     7
    Use: Scroll            |     2 |       ||     2
         Potion            |     1 |     1 ||     2
   Stab: Sleeping          |     6 |    10 ||    16
 Armour: Skin              |     4 |     6 ||    10
  Dodge: Dodged            |    33 |    42 ||    75
